 Dungeon Crawl Stone Soup version 0.28-a0-724-g66f9036eb4 (webtiles) character file.

Game seed: 6683263164322585065

5500 AarnesTheHuman the Fighter (level 10, 0/83 HPs)
             Began as a Barachi Fighter on Oct 27, 2021.
             Was a Priest of Cheibriados.
             Slain by a troll (1 damage)
             ... on level 10 of the Dungeon.
             The game lasted 00:26:47 (13584 turns).

AarnesTheHuman the Fighter (Barachi Fighter)       Turns: 13584, Time: 00:26:47

Health: 0/83       AC: 10    Str: 27    XL:     10   Next: 70%
Magic:  0/15       EV:  9    Int: 17    God:    Cheibriados [***...]
Gold:   408        SH: 12    Dex: 24    Spells: 9/9 levels left

rFire   . . .      SeeInvis .   a - +1 long sword
rCold   . . .      Faith    .   v - +0 kite shield
rNeg    . . .      Spirit   +   t - +0 steam dragon scales
rPois   .          Reflect  .   x - +1 helmet
rElec   .          Harm     .   O - +0 cloak
rCorr   .          Rampage  .   (no gloves)
Will    .....                   (no boots)
Stlth   ++........              s - amulet of guardian spirit
HPRegen 0.23/turn               q - +6 ring of dexterity
MPRegen 0.14/turn               o - ring of flight

@: flying, very slow
A: amphibious, slowness 1, strong legs 1, +LOS
a: Hop, Renounce Religion, Bend Time, Temporal Distortion


You were on level 10 of the Dungeon.
You worshipped Cheibriados.
Cheibriados was most pleased with you.
You visited 2 branches of the dungeon, and saw 11 of its levels.
You also visited: Sewer.

You collected 462 gold pieces.
You spent 54 gold pieces at shops.

Inventory:

Hand Weapons
 a - a +1 long sword (weapon)
 b - a +0 hunting sling
Missiles
 g - a javelin
 l - 25 poisoned darts (quivered)
 p - 21 sling bullets
 F - a boomerang of dispersal
 H - a throwing net
Armour
 c - a +1 buckler
 t - +0 steam dragon scales (worn)
 v - a +0 kite shield (worn)
 x - a +1 helmet (worn)
 K - a +0 troll leather armour
 L - the +5 ring mail of Batsoutiol {Contam rElec Str+6}
   (You found it on level 9 of the Dungeon)

   Str:       It affects your strength (+6).
   rElec:     It insulates you from electricity.
   Contam:    It causes magical contamination when unequipped.
 O - a +0 cloak (worn)
Jewellery
 o - a ring of flight (right hand)
 q - a +6 ring of dexterity (left hand)
 s - an amulet of guardian spirit (around neck)
 G - a ring of wizardry
 I - a ring of protection from cold
Wands
 m - a wand of iceblast (12)
 D - a wand of digging (4)
 M - a wand of paralysis (7)
Scrolls
 f - a scroll of fear
 i - 2 scrolls of magic mapping
 k - 2 scrolls of enchant armour
 A - 2 scrolls of blinking
 B - 2 scrolls of silence
 N - 3 scrolls of enchant weapon
Potions
 d - 2 potions of attraction
 e - 2 potions of heal wounds
 j - 2 potions of magic
 n - a potion of invisibility
 r - 4 potions of lignification
 u - 2 potions of cancellation
 z - a potion of brilliance
 C - a potion of ambrosia
 J - a potion of resistance


   Skills:
 + Level 9.4 Fighting
 + Level 9.0 Long Blades
 + Level 9.4 Armour
 + Level 6.4 Shields
 * Level 7.1 Invocations


You had 9 spell levels left.
You didn't know any spells.
Your spell library contained the following spells:

 Spells                   Type           Power      Damage    Failure   Level
 Freeze                   Ice            0%         1d3       56%         1
 Frozen Ramparts          Ice            0%         1d2       91%         3
 Stone Arrow              Conj/Erth      0%         3d7       91%         3
 Animate Armour           Summ/Erth      0%         N/A       100%        4
 Hailstorm                Conj/Ice       0%         3d3       100%        4
 Lehudib's Crystal Spear  Conj/Erth      0%         10d2      100%        8


Dungeon Overview and Level Annotations

Branches:
Dungeon (10/15)            Temple (1/1) D:5            Lair (0/6) D:10
    Orc (0/2) D:9           Sewer (visited)

Altars:
Ashenzari
Cheibriados
Dithmenos
Elyvilon
Fedhas
Gozag
Hepliaklqana
Kikubaaqudgha
Makhleb
Nemelex Xobeh
Okawaru
Qazlal
Ru
Trog
Uskayaw
Vehumet
Wu Jian
Xom
Yredelemnul
The Shining One

Shops:
D:6 [   D:8 =   D:9 !

Annotations:
D:6 exclusion: 2 doors
D:7 3 runed translucent doors, exclusions: 3 doors and downstairs, Harold; paps's ghost, novice DsGl


Innate Abilities, Weirdness & Mutations

You are amphibious.
You cover ground slowly.
You can hop short distances.
You have an extended range of vision and can be seen from far away.


Message History

You throw a poisoned dart.
The poisoned dart barely misses the troll.
Throw: 29 darts (poison)
Press: ? - help, Q - select action, (/) - cycle Shift-Dir - straight line, f/p - troll
Aim: a troll (poisoned, 68% to hit)
You throw a poisoned dart.
The poisoned dart barely misses the troll.
Throw: 28 darts (poison)
Press: ? - help, Q - select action, (/) - cycle Shift-Dir - straight line, f/p - troll
Aim: a troll (poisoned, 68% to hit)
You throw a poisoned dart. The poisoned dart hits the troll.
Throw: 27 darts (poison)
Press: ? - help, Q - select action, (/) - cycle Shift-Dir - straight line, f/p - troll
Aim: a troll (poisoned, 68% to hit)
You throw a poisoned dart. The poisoned dart hits the troll.
The troll looks even sicker.
You are ready to hop once more.
Throw: 26 darts (poison)
Press: ? - help, Q - select action, (/) - cycle Shift-Dir - straight line, f/p - troll
Aim: a troll (very poisoned, 68% to hit)
You throw a poisoned dart. The poisoned dart hits the troll.
The troll looks even sicker.
The two-headed ogre shouts in stereo!
You slash the troll!
The troll is moderately wounded.
The troll bites you.
* * * LOW HITPOINT WARNING * * *
The troll claws you but does no damage. You block the troll's attack.
You slash the troll!
The troll is severely wounded.
The troll barely misses you. The troll claws you but does no damage.
The troll claws you.
* * * LOW HITPOINT WARNING * * *
You closely miss the troll.
The troll is severely wounded.
The troll bites you!
* * * LOW HITPOINT WARNING * * *
The troll barely misses you. You block the troll's attack. x2
The troll claws you.
You die...

..####.# ...
.......##..# #
#...(.....# #.
#...(.....#
.##.##.O(......#
...............#
.....(......#
#.T.....#
#.@.....#
#########


You could see a two-headed ogre and a troll (very poisoned).

Vanquished Creatures
  A hydra (D:10)
  Maggie (D:7)
  A hornet (D:6)
  A shadow (D:9)
  A wyvern (D:8)
  4 yaks (D:8)
  A steam dragon (D:6)
  Purgy (Sewer)
  3 sky beasts (D:7)
  2 black bears (D:6)
  2 ogres
  2 orc warriors
  An ice beast (D:7)
  A necrophage (D:7)
  3 centaurs
  2 bullfrogs (D:7)
  A gnoll sergeant (D:8)
  2 kobold brigands
  A water moccasin zombie (D:5)
  A wyvern skeleton (D:5)
  3 howler monkeys (D:9)
  2 centaur zombies
  A bullfrog zombie (D:6)
  4 hounds
  3 orc priests
  2 bullfrog skeletons (D:5)
  2 centaur skeletons
  2 jellies
  A gnoll shaman (D:9)
  7 iguanas
  10 orc wizards
  A hound skeleton (D:5)
  8 gnolls
  5 adders
  A shadow imp (D:6)
  2 white imps (D:7)
  An ufetubus (D:4)
  4 worms
  3 dart slugs
  23 orcs
  9 ball pythons
  5 endoplasms
  3 giant cockroaches
  A goblin (D:1)
  5 hobgoblins
  4 jackals (D:1)
  4 quokkas
  2 bats
  6 frilled lizards
  12 kobolds
  6 rats
174 creatures vanquished.

Vanquished Creatures (collateral kills)
  A water moccasin zombie (D:5)
1 creature vanquished.

Vanquished Creatures (others)
  A plant (D:10)
1 creature vanquished.

Grand Total: 176 creatures vanquished

Notes
Turn   | Place    | Note
-------+----------+-------------------------------------------
     0 | D:1      | AarnesTheHuman the Barachi Fighter began the quest for the
                  | Orb.
     0 | D:1      | Reached XP level 1. HP: 18/18 MP: 1/1
   198 | D:1      | Reached XP level 2. HP: 25/25 MP: 2/2
   758 | D:2      | Reached XP level 3. HP: 30/30 MP: 3/3
  1015 | D:2      | Found a hazy altar of Hepliaklqana.
  1789 | D:3      | Reached XP level 4. HP: 15/38 MP: 4/4
  2467 | D:4      | Reached XP level 5. HP: 41/43 MP: 5/5
  2476 | D:4      | Found a glowing drain.
  2480 | Sewer    | Entered a sewer
  2627 | Sewer    | Noticed Purgy
  2634 | Sewer    | Killed Purgy
  2635 | Sewer    | Reached skill level 5 in Fighting
  2635 | Sewer    | Reached skill level 5 in Armour
  2991 | D:4      | Noticed an orc warrior
  3004 | D:4      | Killed an orc warrior
  3005 | D:4      | Reached XP level 6. HP: 36/51 MP: 6/6
  3345 | D:4      | Found an iron altar of Okawaru.
  3768 | D:5      | Entered Level 5 of the Dungeon
  3775 | D:5      | Reached skill level 5 in Long Blades
  3907 | D:5      | Reached XP level 7. HP: 51/57 MP: 7/7
  3987 | D:5      | Found an opulent altar of Gozag.
  4039 | D:5      | Found an ornate altar of the Wu Jian Council.
  4368 | D:5      | Found a staircase to the Ecumenical Temple.
  4397 | Temple   | Entered the Ecumenical Temple
  4663 | Temple   | Became a worshipper of Cheibriados the Contemplative
  5398 | D:5      | Reached skill level 1 in Invocations
  5398 | D:5      | Reached XP level 8. HP: 10/65 MP: 7/9
  5808 | D:6      | Noticed a hornet
  6195 | D:6      | Found an ancient bone altar of Kikubaaqudgha.
  6543 | D:6      | Killed a hornet
  7068 | D:6      | Found Nuruboti's Armour Shop.
  7092 | D:6      | Bought a +0 kite shield for 54 gold pieces
  7181 | D:6      | Reached * piety under Cheibriados
  7182 | D:6      | Reached XP level 9. HP: 25/73 MP: 11/11
  7527 | D:6      | Found a burning altar of Makhleb.
  7607 | D:6      | Found a hide-covered altar of Uskayaw.
  8117 | D:7      | Noticed Harold
  8971 | D:7      | Noticed Maggie
  9031 | D:7      | Killed Maggie
  9032 | D:7      | Reached skill level 5 in Shields
  9032 | D:7      | Reached skill level 5 in Invocations
  9514 | D:7      | Reached ** piety under Cheibriados
  9591 | D:7      | Found a runed translucent gate.
  9591 | D:7      | Found a runed translucent gate.
  9591 | D:7      | Found a runed translucent gate.
  9673 | D:7      | Noticed paps's ghost (novice DsGl)
 10181 | D:8      | Found a sparkling altar of Nemelex Xobeh.
 10222 | D:8      | Found a radiant altar of Vehumet.
 10307 | D:8      | Reached XP level 10. HP: 54/82 MP: 8/14
 10443 | D:8      | Found Osoo's Jewellery Boutique.
 11458 | D:8      | Reached *** piety under Cheibriados
 11658 | D:8      | Found a shadowy altar of Dithmenos.
 11808 | D:9      | Found Pacefos's Distillery.
 12110 | D:9      | Identified the +5 ring mail of Batsoutiol {Contam rElec
                  | Str+6}
 12409 | D:9      | Found a staircase to the Orcish Mines.
 13170 | D:9      | Found a glowing golden altar of the Shining One.
 13172 | D:9      | Found a white marble altar of Elyvilon.
 13330 | D:10     | Entered Level 10 of the Dungeon
 13527 | D:10     | Found a staircase to the Lair.
 13527 | D:10     | Noticed a death yak
 13538 | D:10     | Noticed a five-headed hydra
 13545 | D:10     | Noticed a two-headed ogre
 13548 | D:10     | Killed a five-headed hydra
 13584 | D:10     | HP: 1/83 [troll (10)]
 13584 | D:10     | Slain by a troll

Illustrated notes

Levels and vault maps discovered:
D:1:      dpeg_arrival_orchard, layout_basic, kennysheep_crisscross
D:2:      layout_basic, basic_altar, minmay_ruptured
D:3:      layout_rooms
D:4:      layout_basic, nicolae_overflow_crystal_walls, gup_sewer_entry_bowl,
          minmay_misc_feat_x, grunt_ministairs_9
D:5:      layout_rooms, mainiacjoe_overflow_catwalk_spiral,
          minmay_temple_entry_statues_pillars
D:6:      layout_gridville, overflow_temple_1_default,
          mainiacjoe_overflow_cross_hatched,
          nicolae_uskayaw_murder_on_the_dancefloor, serial_shops,
          nicolae_diamond_shop
D:7:      layout_basic, gammafunk_ghost_necromancy, uniq_maggie, uniq_harold
D:8:      layout_cave_pods, nicolae_dithmenos_the_darkroom,
          nicolae_vehumet_altar_sigil, old_standard_altar, minivault_25,
          minmay_shop_enchanted_jewellery
D:9:      layout_basic, minitemple, orc_0_dummy, serial_shops, shop
D:10:     layout_loops_ring, zin_angel, led_sif_book, david_lair_generic,
          uniq_grum
Temple:   jpeg_temple_island

Skill      XL: |  1  2  3  4  5  6  7  8  9 10 |
---------------+-------------------------------+-----
Fighting       | 4 5 6 7 8 9 |  9.4
Armour         | 4 5 6 7 8 9 |  9.4
Long Blades    | 3 4 5 6 7 8 9 |  9.0
Shields        | 4 5 6 |  6.4
Invocations    | 1 3 5 7 |  7.1

Action                   |  1- 3 |  4- 6 |  7- 9 | 10-12 || total
-------------------------+-------+-------+-------+-------++-------
Melee: Long sword        |    99 |   115 |   318 |   158 ||   690
Throw: Dart              |       |     5 |    58 |    13 ||    76
       Javelin           |       |     2 |     3 |       ||     5
Invok: Bend Time         |       |       |       |     2 ||     2
 Abil: Hop               |       |       |     2 |     1 ||     3
Evoke: Wand              |       |       |       |     6 ||     6
  Use: Scroll            |       |    12 |     4 |    11 ||    27
       Potion            |       |     1 |     2 |       ||     3
 Stab: Sleeping          |       |       |     2 |       ||     2
       Distracted        |       |       |     1 |       ||     1
Armor: Scale mail        |    44 |    63 |    41 |       ||   148
       Steam dragon scal |       |       |   100 |    74 ||   174
Dodge: Dodged            |    42 |    57 |   117 |    54 ||   270
Block: Buckler           |    20 |    33 |    39 |       ||    92
       Kite shield       |       |       |   112 |   112 ||   224

Table legend: (Time is in decaauts)
 A = Elapsed time spent in this place.
 B = Non-inter-level travel time spent in this place.
 C = Inter-level travel time spent in this place.
 D = Time resting spent in this place.
 E = Time spent auto-exploring this place.
 F = Levels seen in this place.
 G = Mean time per level.
                   A        B        C        D        E       F      G
               +--------+--------+--------+--------+--------+-----+--------+
         Total |  17344 |  16689 |    655 |   3833 |  10276 |  12 | 1445.3 |
       Dungeon |  16158 |  15527 |    631 |   3609 |   9430 |  10 | 1615.8 |
        Temple |    906 |    883 |     23 |    224 |    647 |   1 |  906.0 |
         Sewer |    279 |    279 |      0 |      0 |    199 |   1 |  279.0 |
               +--------+--------+--------+--------+--------+-----+--------+

Top non-repeatable levels by time:
     D:7: 3792 daAuts
     D:9: 2438 daAuts
     D:6: 1944 daAuts
     D:8: 1929 daAuts
     D:5: 1683 daAuts
     D:4: 1386 daAuts
     D:2: 1165 daAuts
  Temple: 906 daAuts
     D:1: 833 daAuts
     D:3: 686 daAuts
    D:10: 299 daAuts
   Sewer: 279 daAuts
